 Dungeon Sprint DCSS version 0.26-a0-665-gefeb406119 (webtiles) character file.

Game seed: 8991759516056622538

19637 mhtbhm the Metallomancer (level 12, -17/59 HPs)
             Began as a Gargoyle Earth Elementalist on Oct 14, 2020.
             Was the Champion of Vehumet.
             Demolished by a lorocyproca (20 damage)
             ... in the Dungeon (Sprint I: "Red Sonja").
             The game lasted 00:12:03 (3948 turns).

mhtbhm the Metallomancer (GrEE)                     Turns: 3948, Time: 00:12:03

Health: -17/59     AC: 15    Str: 10    XL:     12   Next: 71%
Magic:  10/43      EV: 13    Int: 20    God:    Vehumet [******]
Gold:   877        SH:  0    Dex: 10    Spells: 28/48 levels left

rFire    . . .     SeeInvis +   k - +2 dagger (venom)
rCold    . . .     Faith    .   (no shield)
rNeg     + . .     Spirit   .   t - +1 leather armour "Wemed" {+Fly MP+9 SInv} (curse)
rPois    ∞         Reflect  .   l - +0 hat of the Bruised Ships {+Blink Regen+ Str-3}
rElec    +         Harm     .   n - +1 cloak
rCorr    .         Rampage  .   (no gloves)
MR       .....     NoTele   +   (no boots)
Stlth    +.........             (no amulet)
HPRegen  0.59/turn              q - ring of wizardry
MPRegen  0.28/turn              (no ring)

@: hasted, very quick
A: negative energy resistance 1, electricity resistance, unbreathing,
petrification resistance, rot immunity, AC +8
0: Orb of Zot
a: Renounce Religion, Evoke Blink, Evoke Flight


You were in the Dungeon.
You worshipped Vehumet.
Vehumet was exalted by your worship.
You visited 1 branch You collected 1954 gold pieces.
You spent 1077 gold pieces at shops.

Inventory:

Hand Weapons
 k - a +2 dagger of venom (weapon)
Missiles
 b - 121 stones (quivered)
 j - 10 curare-tipped darts
Armour
 c - a +2 robe
 l - the +0 hat of the Bruised Ships (worn) {+Blink Regen+ Str-3}
   (You bought it in a shop in the Dungeon)

   It affects your strength (-3).
   It lets you blink.
   It increases your rate of regeneration.
 n - a +1 cloak (worn)
 t - the cursed +1 leather armour "Wemed" (worn) {+Fly MP+9 SInv}
   (You bought it in a shop in the Dungeon)

   It affects your magic capacity (+9).
   It lets you see invisible.
   It lets you fly.
   It has a curse placed upon it.
Jewellery
 q - a ring of wizardry (left hand)
Wands
 a - a wand of digging (4)
 h - a wand of iceblast (13)
 o - a wand of random effects (18)
 p - a wand of paralysis (6)
Scrolls
 v - a scroll of fear
Potions
 d - 3 potions of curing
 e - 3 potions of heal wounds
 g - a potion of magic
 m - a potion of cancellation
 r - a potion of brilliance
Miscellaneous
 s - a condenser vane (2/2)


   Skills:
 + Level 4.0 Armour
 + Level 5.0 Dodging
 - Level 2.1 Stealth
 + Level 18.7 Spellcasting
 + Level 0.4 Conjurations
 + Level 4.3 Transmutations
 + Level 23.8 Earth Magic
 + Level 1.6 Evocations


You had 28 spell levels left.
You knew the following spells:

 Your Spells              Type           Power        Failure   Level
a - Sandblast             Erth           ######       0%          1
b - Passwall              Tmut/Erth      ######..     0%          2
c - Stone Arrow           Conj/Erth      ######       1%          3
d - Lee's Rapid Deconstr  Erth           #######...   0%          5
e - Petrify               Tmut/Erth      ######..     1%          4
f - Fireball              Conj/Fire      ###.......   11%         5

Your spell library contained the following spells:

 Spells                   Type           Power        Failure   Level
 Lightning Bolt           Conj/Air       ###.......   11%         5
 Beastly Appendage        Tmut           #####.       1%          1
 Wereblood                Tmut           #####...     1%          2
 Spider Form              Tmut/Pois      ####......   1%          3
 Ice Form                 Ice/Tmut       ####....     6%          4
 Blade Hands              Tmut           #####.....   7%          5


Dungeon Overview and Level Annotations

Branches:
Dungeon (1/1)

Altars:
Cheibriados
Dithmenos
Elyvilon
Fedhas
Gozag
Hepliaklqana
Kikubaaqudgha
Makhleb
Nemelex Xobeh
Okawaru
Qazlal
Ru
Sif Muna
Trog
Uskayaw
Vehumet
Wu Jian
Xom
Yredelemnul
Zin
The Shining One
Jiyva
Lugonu

Shops:
D [[(!(!(*}?([(}[[(

Annotations:
D exclusion: oklob plant, Lom Lobon, Tiamat


Innate Abilities, Weirdness & Mutations

You are resistant to torment.
Your stone body is resilient. (AC +8)
You are immune to poison.
You resist negative energy. (rN+)
You are resistant to electric shocks. (rElec)
You can survive without breathing.
You are immune to petrification.
You are immune to rotting.


Message History

The lords of Pandemonium are not amused.
Beware!
Now all you have to do is get back out of the dungeon!
Lom Lobon, Demon Lord of Forbidden Knowledge comes into view.
Press: ? - help, Dir - move target cursor
As you read the scroll of blinking, it crumbles to dust.
There is an open door here.
There is an open door here.
The lorocyproca gives a chilling moan.
The lorocyproca hits you!
You feel your power leaking away.
You hit the lorocyproca but do no damage.
The lorocyproca hits you!!
You feel your power leaking away.
Unknown command.
You feel yourself speed up. The lorocyproca hits you!!
* * * LOW HITPOINT WARNING * * *
You feel your power leaking away.
The lorocyproca hits you but does no damage.
The lorocyproca hits you!!
You die...

#############################****
#..')§.#.[#§§.§§@§§§.§§§.#^^+,,,,
'.†#...##+#§####§2§.§##..'^^#,,,,
####...§§§#§#)###§§§#######+#,,,,
#..#####§§'§#2#,###'#}..##,,*,,,,
§§.#..##+####^.$#y#.##...#,,**,,,
§§.'§.#.^.○○#..$###..###.#,,≈***+
§.§#..#..^○°+..$$$##..)..#,,≈,,*,
#####+###.)○#^....#§.###.#,,≈,**+
..###P'.#^○°###++##§##...#,,≈**^,


You could see a lorocyproca (invisible).

Vanquished Creatures
  A daeva (D)
  4 fire giants (D)
  A hydra (D)
  2 centaur warriors (D)
  Sonja (D)
  7 unseen horrors (D)
  A deep troll (D)
  A lindwurm (D)
  2 gargoyles (D)
  2 kobold demonologists (D)
  4 demonic crawlers (D)
  A hornet (D)
  A slime creature (D)
  Sigmund (D)
  A yak (D)
  2 redbacks (D)
  13 hogs (D)
  3 floating eyes (D)
  An ogre (D)
  7 necrophages (D)
  8 jellies (D)
  Ijyb (D)
65 creatures vanquished.

Vanquished Creatures (others)
  3 hornets (D)
  2 ballistomycete spores (D)
5 creatures vanquished.

Grand Total: 70 creatures vanquished

Notes
Turn   | Place    | Note
-------+----------+-------------------------------------------
     0 | D        | mhtbhm the Gargoyle Earth Elementalist began the quest for
                  | the Orb.
     0 | D        | Reached XP level 1. HP: 10/10 MP: 3/3
     2 | D        | Noticed Ijyb
    16 | D        | Killed Ijyb
    16 | D        | Reached skill level 6 in Earth Magic
    16 | D        | Reached XP level 2. HP: 15/15 MP: 0/6
    16 | D        | Reached XP level 3. HP: 19/19 MP: 0/7
    55 | D        | Learned a level 2 spell: Passwall
    59 | D        | Learned a level 3 spell: Stone Arrow
   125 | D        | Noticed an ogre
   130 | D        | Killed an ogre
   130 | D        | Reached skill level 1 in Transmutations
   130 | D        | Reached skill level 9 in Earth Magic
   130 | D        | Reached XP level 4. HP: 24/24 MP: 2/10
   219 | D        | Found a radiant altar of Vehumet.
   222 | D        | Reached skill level 5 in Spellcasting
   222 | D        | Reached XP level 5. HP: 28/28 MP: 7/12
   223 | D        | Found a shimmering blue altar of Sif Muna.
   224 | D        | Found an ornate altar of the Wu Jian Council.
   226 | D        | Became a worshipper of Vehumet
   233 | D        | Learned a level 5 spell: Lee's Rapid Deconstruction
   285 | D        | Noticed Sigmund
   289 | D        | Killed Sigmund
   289 | D        | Reached skill level 11 in Earth Magic
   289 | D        | Reached XP level 6. HP: 21/32 MP: 0/16
   507 | D        | Found a burning altar of Makhleb.
   507 | D        | Found a viscous altar of Jiyva.
   507 | D        | Found a shimmering altar of Xom.
   507 | D        | Found a corrupted altar of Lugonu.
   507 | D        | Noticed a slime creature
   513 | D        | Killed a slime creature
   513 | D        | Reached skill level 12 in Earth Magic
   513 | D        | Reached XP level 7. HP: 33/36 MP: 1/18
   535 | D        | Learned a level 4 spell: Petrify
   646 | D        | Found Cuxovvep's Antique Armour Emporium.
   646 | D        | Found an ancient bone altar of Kikubaaqudgha.
   646 | D        | Found a hazy altar of Hepliaklqana.
   646 | D        | Found a stormy altar of Qazlal.
   646 | D        | Found a hide-covered altar of Uskayaw.
   646 | D        | Found a blossoming altar of Fedhas.
   646 | D        | Found a bloodstained altar of Trog.
   646 | D        | Found an iron altar of Okawaru.
   646 | D        | Found a basalt altar of Yredelemnul.
   646 | D        | Found a glowing golden altar of the Shining One.
   646 | D        | Found a snail-covered altar of Cheibriados.
   646 | D        | Found a sacrificial altar of Ru.
   646 | D        | Found a glowing silver altar of Zin.
   646 | D        | Found a shadowy altar of Dithmenos.
   646 | D        | Found a white marble altar of Elyvilon.
   646 | D        | Noticed a yak
   649 | D        | Killed a yak
   649 | D        | Reached * piety under Vehumet
   649 | D        | Offered knowledge of Magic Dart by Vehumet.
   649 | D        | Reached skill level 13 in Earth Magic
   650 | D        | Found an opulent altar of Gozag.
   651 | D        | Found a sparkling altar of Nemelex Xobeh.
   764 | D        | Noticed a kobold demonologist
   765 | D        | Noticed a kobold demonologist
   767 | D        | Killed a kobold demonologist
   767 | D        | Reached skill level 10 in Spellcasting
   767 | D        | Reached skill level 14 in Earth Magic
   767 | D        | Reached XP level 8. HP: 41/41 MP: 12/22
   768 | D        | Noticed a soul eater
   769 | D        | Killed a kobold demonologist
   769 | D        | Reached ** piety under Vehumet
   906 | D        | Noticed Sonja
   913 | D        | Killed Sonja
   913 | D        | Offered knowledge of Foxfire by Vehumet.
   913 | D        | Reached skill level 15 in Earth Magic
   913 | D        | Reached XP level 9. HP: 45/45 MP: 5/24
  1028 | D        | Found Wopsui Suate's Antique Armour Boutique.
  1036 | D        | Bought a twisted hat for 252 gold pieces
  1041 | D        | Identified the cursed +0 hat of the Bruised Ships {+Blink
                  | Regen+ Str-3} (You bought it in a shop in the Dungeon)
  1053 | D        | Noticed a deep troll
  1061 | D        | Killed a deep troll
  1061 | D        | Reached skill level 16 in Earth Magic
  1173 | D        | Found Zur Tido's Armour Emporium.
  1311 | D        | Offered knowledge of Static Discharge by Vehumet.
  1313 | D        | Reached *** piety under Vehumet
  1313 | D        | Reached skill level 17 in Earth Magic
  1404 | D        | Noticed an oklob plant
  1962 | D        | Killed an unseen horror
  1963 | D        | Killed an unseen horror
  1963 | D        | Reached skill level 18 in Earth Magic
  1963 | D        | Reached XP level 10. HP: 50/50 MP: 10/27
  2055 | D        | Offered knowledge of Iskenderun's Mystic Blast by Vehumet.
  2055 | D        | Reached **** piety under Vehumet
  2059 | D        | Reached ***** piety under Vehumet
  2131 | D        | Found Jane's Distillery.
  2131 | D        | Found Xagaf's Antique Weapon Shop.
  2131 | D        | Found Ceihem's Antique Weapon Boutique.
  2138 | D        | Found Zisen's Distillery.
  2138 | D        | Found Ojiqity's Antique Weapon Shop.
  2138 | D        | Found Vuzucosh's General Store.
  2138 | D        | Found Avep's Gadget Boutique.
  2138 | D        | Found Jochinom's Magic Scroll Emporium.
  2138 | D        | Found Ryawium's Weapon Shop.
  2138 | D        | Found Heugil's Antique Armour Shoppe.
  2139 | D        | Bought a potion of heal wounds for 50 gold pieces
  2139 | D        | Bought a potion of heal wounds for 50 gold pieces
  2140 | D        | Found Weruih's Antique Weapon Boutique.
  2141 | D        | Found Owokhod's Antique Armour Emporium.
  2141 | D        | Found Gecociost's Gadget Boutique.
  2142 | D        | Found Ulasoapu's Antique Weapon Emporium.
  2144 | D        | Bought a wand of digging (6) for 260 gold pieces
  2147 | D        | Bought a glowing cloak for 120 gold pieces
  2162 | D        | Bought an ancient leather armour for 203 gold pieces
  2166 | D        | Bought a scroll of magic mapping for 45 gold pieces
  2166 | D        | Bought a scroll of blinking for 97 gold pieces
  2178 | D        | Identified the cursed +1 leather armour "Wemed" {+Fly MP+9
                  | SInv} (You bought it in a shop in the Dungeon)
  2199 | D        | Noticed a centaur warrior
  2206 | D        | Noticed a centaur warrior
  2207 | D        | Killed a centaur warrior
  2207 | D        | Offered knowledge of Bolt of Magma by Vehumet.
  2207 | D        | Reached skill level 19 in Earth Magic
  2208 | D        | Killed a centaur warrior
  2269 | D        | Reached ****** piety under Vehumet
  2269 | D        | Reached skill level 15 in Spellcasting
  2671 | D        | Offered knowledge of Fireball by Vehumet.
  2672 | D        | Reached XP level 11. HP: 43/54 MP: 30/30
  2678 | D        | Reached skill level 1 in Armour
  2682 | D        | HP: 2/54 [demonic crawler (9)]
  2683 | D        | Reached skill level 20 in Earth Magic
  2853 | D        | Noticed a lindwurm
  2856 | D        | Killed a lindwurm
  2865 | D        | Learned a level 5 spell: Fireball
  2895 | D        | Offered knowledge of Hailstorm by Vehumet.
  2982 | D        | Noticed a 12-headed hydra
  2993 | D        | Killed a 12-headed hydra
  2993 | D        | Reached skill level 21 in Earth Magic
  3133 | D        | Noticed a daeva
  3136 | D        | Noticed an unseen horror
  3136 | D        | Noticed an unseen horror
  3140 | D        | Killed an unseen horror
  3141 | D        | Killed an unseen horror
  3141 | D        | Reached skill level 5 in Dodging
  3141 | D        | Noticed an unseen horror
  3143 | D        | Killed an unseen horror
  3143 | D        | Offered knowledge of Conjure Ball Lightning by Vehumet.
  3210 | D        | Noticed an unseen horror
  3211 | D        | Killed a daeva
  3211 | D        | Reached skill level 22 in Earth Magic
  3211 | D        | Reached XP level 12. HP: 46/59 MP: 17/33
  3373 | D        | Noticed a lorocyproca
  3385 | D        | HP: 2/59 [lorocyproca (18)]
  3723 | D        | Noticed a fire giant
  3726 | D        | Noticed a fire giant
  3726 | D        | Noticed a fire giant
  3726 | D        | Noticed a fire giant
  3794 | D        | Identified the +4 dragonskin cloak
  3794 | D        | Noticed Tiamat
  3796 | D        | Killed a fire giant
  3796 | D        | Reached skill level 1 in Evocations
  3796 | D        | Killed a fire giant
  3796 | D        | Reached skill level 23 in Earth Magic
  3797 | D        | Killed a fire giant
  3797 | D        | Offered knowledge of Lightning Bolt by Vehumet.
  3800 | D        | Killed a fire giant
  3918 | D        | Got the Orb of Zot
  3918 | D        | Noticed Lom Lobon
  3946 | D        | HP: 2/59 [lorocyproca (18)]
  3948 | D        | Demolished by a lorocyproca

Illustrated notes

Levels and vault maps discovered:
D:        dungeon_sprint_1 [red_sonja_temple_1, red_sonja_temple_small_1]

Skill      XL: |  1  2  3  4  5  6  7  8  9 10 11 12 |
---------------+-------------------------------------+-----
Dodging        | 2 3 4 5 |  5.0
Spellcasting   | 3 4 5 7 8 10 11 13 15 17 18 | 18.7
Earth Magic    | 6 9 11 12 14 15 18 19 22 23 | 23.8
Transmutations | 1 2 3 4 |  4.3
Armour         | 3 4 |  4.0
Evocations     | 1 |  1.6
Stealth        | |  2.1
Conjurations   | |  0.4

Action                   |  1- 3 |  4- 6 |  7- 9 | 10-12 || total
-------------------------+-------+-------+-------+-------++-------
Melee: Unarmed           |    10 |       |       |       ||    10
       Dagger            |       |       |       |     1 ||     1
 Cast: Sandblast         |     7 |     6 |     3 |     4 ||    20
       Passwall          |     2 |     1 |     3 |     2 ||     8
       Lee's Rapid Decon |       |     4 |    30 |    76 ||   110
       Petrify           |       |       |     3 |     1 ||     4
       Stone Arrow       |       |       |     2 |     3 ||     5
       Fireball          |       |       |       |     1 ||     1
Evoke: Condenser vane    |       |       |       |     3 ||     3
       Wand              |       |       |       |     2 ||     2
  Use: Potion            |     1 |       |       |     2 ||     3
       Scroll            |       |       |       |     9 ||     9
Armor: Robe              |     5 |       |     4 |     1 ||    10
       Leather armour    |       |       |       |    38 ||    38
Dodge: Dodged            |     3 |     1 |       |    33 ||    37

Table legend: (Time is in decaauts)
 A = Elapsed time spent in this place.
 B = Non-inter-level travel time spent in this place.
 C = Inter-level travel time spent in this place.
 D = Time resting spent in this place.
 E = Time spent auto-exploring this place.
 F = Levels seen in this place.
 G = Mean time per level.
                   A        B        C        D        E       F      G
               +--------+--------+--------+--------+--------+-----+--------+
         Total |   3956 |   3956 |      0 |   2739 |      0 |   1 | 3956.0 |
       Dungeon |   3956 |   3956 |      0 |   2739 |      0 |   1 | 3956.0 |
               +--------+--------+--------+--------+--------+-----+--------+

Top non-repeatable levels by time:
       D: 3956 daAuts
